 Dungeon Crawl Stone Soup version 0.31-a0-1388-g4b2ba238e7 (webtiles) character file.

Game seed: 17386186561209862168

1302 MisterAzrael the Changeling (level 8, -6/52 HPs)
             Began as a Djinni Shapeshifter on Dec 24, 2023.
             Was a Priest of the Shining One.
             Killed by divine providence
             ... invoked by Jeremiah
              (14 damage)
             ... on level 6 of the Dungeon.
             The game lasted 00:10:10 (5567 turns).

MisterAzrael the Changeling (Djinni Shapeshifter)   Turns: 5567, Time: 00:10:10

Health: -6/52      AC:  4    Str: 15    XL:     8   Next: 87%
Gold:   337        EV: 12    Int: 11    God:    the Shining One [***...] SH:  0 Dex: 14

rFire   + +          .
                       - Unarmed
rCold   x . .        (no shield)
rNeg    + . .        k - +1 leather armour
rPois   ∞            (helmet currently unavailable)
rElec   .            (cloak currently unavailable)
rCorr   .            (gloves currently unavailable)
SInv    .            (boots unavailable)
Will    .....        i - amulet of the acrobat
Stlth   +            (no ring)
HPRegen 0.28/turn    (no ring)
MPRegen 0.00/turn

%: acrobat, infuse magic (-7 HP)
@: beast-form, flying, glowing
A: beast (slay +4), flying, sickness immunity, fire resistance 2, cold
vulnerability 1, float, innate caster, HP casting, extra vitality 1
a: Begin Untransformation, Renounce Religion, Divine Shield, Cleansing Flame


You were on level 6 of the Dungeon.
You worshipped the Shining One.
The Shining One was most pleased with you.
You were a hulking beast.
You visited 2 branches of the dungeon, and saw 7 of its levels.
You also visited: Sewer and Ossuary.

You collected 337 gold pieces.

Inventory:

Hand Weapons
 n - a +0 dagger of freezing
 q - the +10 trident of the Shrike {drain, rC+ Will+ Int+2 SInv}
   (You found it on level 3 of the Dungeon)

   Int+2:     It affects your intelligence (+2).
   rC+:       It protects you from cold.
   Will+:     It increases your willpower.
   SInv:      It lets you see invisible.
   The Shining One disapproves of the use of such an item.
Missiles
 E - 2 throwing nets
Armour
 a - a +0 animal skin
 k - a +1 leather armour (worn)
 s - a +0 cloak
Magical Staves
 e - a staff of cold
Jewellery
 i - an amulet of the acrobat (around neck)
Talismans
 c - a beast talisman
 d - a flux talisman
 f - a blade talisman
Wands
 B - a wand of roots (9)
 H - a wand of quicksilver (4)
Scrolls
 l - a scroll of revelation
 o - 3 scrolls of brand weapon
 v - 2 scrolls of identify
 y - 3 scrolls of teleportation
 F - 2 scrolls of poison
Potions
 g - a potion of cancellation {unknown}
 h - a potion of attraction {unknown}
 j - 3 potions of heal wounds
 r - 5 potions of curing
 t - 3 potions of mutation {unknown}
 w - 3 potions of haste {unknown}
 A - a potion of berserk rage {unknown}
 D - 4 potions of enlightenment
 G - 2 potions of might {unknown}


   Skills:
 - Level 1.0 Fighting
 - Level 2.1 Dodging
 + Level 6.5 Unarmed Combat
 * Level 7.4 Shapeshifting


You knew the following spells:

 Your Spells              Type           Power      Damage    Failure   Level
a - Necrotise             Necr           0%         1d4       41%         1
b - Searing Ray           Conj           0%         2d4       54%         2
c - Jinxbite              Hex            0%         N/A       54%         2
Your spell library was empty.

Dungeon Overview and Level Annotations

Branches:
Dungeon (6/15)             Temple (1/1) D:4           Sewer (visited)
Ossuary (visited)

Altars:
Cheibriados
Dithmenos
Elyvilon
Fedhas
Makhleb
Nemelex Xobeh
Ru
Trog
Uskayaw
Wu Jian
Xom
Yredelemnul
Zin
The Shining One

Shops:
D:4 :   D:5 ?

Annotations:
D:5 2 runed translucent doors, BigPumpCobain's ghost, novice MiFi
D:6 Jeremiah


Innate Abilities, Weirdness & Mutations

You are a hulking beast.
Your limbs bulge with bestial killing power. (Slay +4)
You are flying.
You are immune to sickness and miasma.
You are immune to poison.
Your flesh is very heat resistant. (rF++)
You are vulnerable to cold. (rC-)
You float through the air rather than walking.
You learn spells naturally, not from books.
Your magical power is your life essence.
You have superior vitality. (+4 MHP)


Message History

You hit Jeremiah.
Jeremiah is almost dead.
Jeremiah throws their arms up pleadingly.
Something smites you!
You hit Jeremiah.
Jeremiah is almost dead.
The butterfly disappears in a burst of colours!
Jeremiah hits you with a +2 vampiric trident.
You barely miss Jeremiah.
Jeremiah is almost dead.
The butterfly disappears in a burst of colours!
You barely miss Jeremiah.
Jeremiah is almost dead.
The butterfly disappears in a burst of colours!
Jeremiah hops!
You barely miss the butterfly.
The butterfly disappears in a burst of colours! x5
You punch the butterfly!
You kill the butterfly!
The butterfly disappears in a burst of colours! x4
You closely miss the butterfly.
The butterfly disappears in a burst of colours!
You barely miss the butterfly.
The butterfly disappears in a burst of colours!
Jeremiah shouts, "O dreadful one, destroy my foe!"
Something smites you!
* * * LOW HITPOINT WARNING * * *
Found a basalt altar of Yredelemnul.
The butterfly disappears in a burst of colours!
Jeremiah completely misses you.
You hit the butterfly.
You kill the butterfly!
The butterfly disappears in a burst of colours! x3
Jeremiah hits you from afar with a +2 vampiric trident!
* * * LOW HITPOINT WARNING * * *
You miss the butterfly.
Jeremiah cries, "Fearful master, protect me!"
Something smites you!
You die...
Jeremiah wails, "I didn't mean to kill anyone!
I'm not a murderer!"

** *,,,,,,*#..# *###* .*
*,,,,,,*#..# *##...#**
.*
*,,,,,,*#b.####.:....,*
.*
*,,,,,,##..##..._..._,**
.*
*,,,,,,#...b..b......,,*
.*
*,,,,,,#......b...♣..,,*
.*
*,,,,,,#.....b.bb....,,*
,*
*,,,,,,#.....bb......,**
,*
*,,,,,,#...bbhbFb._..,*
**
*,,,,,,#.b..b.b......**
*,,,,,,#.b...........*
*,,,,,,###.##'#######*
*,,,,,,* #.,.>#
*,,,,,,**##*#.#
*,***,,,,,,,..# ****,*
********### ,,,,,*


You could see Jeremiah.

Vanquished Creatures
  Menkaure (D:6)
  An ogre (D:6)
  A phantom (D:5)
  2 kobold brigands (Sewer)
  An elf zombie (Ossuary)
  3 scorpions
  A killer bee (D:5)
  4 hounds
  A human zombie (Ossuary)
  3 orc wizards
  An iguana (D:5)
  A hound zombie (Ossuary)
  4 mummies (Ossuary)
  10 adders
  3 gnolls (D:5)
  2 river rats (Sewer)
  A white imp (D:5)
  An adder zombie (Ossuary)
  A worm (D:4)
  4 dart slugs
  10 orcs
  4 bats (D:2)
  8 endoplasms
  8 giant cockroaches
  2 gnoll zombies (Ossuary)
  7 goblins
  6 hobgoblins
  4 jackals (D:2)
  7 kobolds
  7 quokkas
  8 ball pythons
  2 frilled lizards
  A goblin zombie (Ossuary)
  A hobgoblin zombie (Ossuary)
  A kobold zombie (Ossuary)
  3 orc zombies (Ossuary)
  12 rats
137 creatures vanquished.

Notes
Turn   | Place    | Note
-------+----------+-------------------------------------------
     0 | D:1      | MisterAzrael the Djinni Shapeshifter began the quest for
                  | the Orb.
     0 | D:1      | Reached XP level 1. HP: 17/17 MP: 0/0
   128 | D:1      | Reached XP level 2. HP: 20/22 MP: 0/0
   143 | D:1      | Reached skill level 3 in Shapeshifting
   355 | D:1      | Reached XP level 3. HP: 27/27 MP: 0/0
   355 | D:1      | Learned a level 1 spell: Necrotise
   569 | D:2      | Found a faded altar of an unknown god.
   586 | D:2      | Prayed at the altar of an unknown god.
   586 | D:2      | Became a worshipper of the Shining One
   586 | D:2      | Reached * piety under the Shining One
   691 | D:2      | Reached XP level 4. HP: 23/32 MP: 0/0
  1242 | D:3      | Identified the +10 trident of the Shrike {drain, rC+ Will+
                  | Int+2 SInv}
  1813 | D:3      | Noticed a scorpion
  1821 | D:3      | Killed a scorpion
  1822 | D:3      | Reached skill level 4 in Shapeshifting
  1822 | D:3      | Reached XP level 5. HP: 29/37 MP: 0/0
  1822 | D:3      | Learned a level 2 spell: Searing Ray
  1940 | D:3      | Reached XP level 6. HP: 16/42 MP: 0/0
  2499 | D:4      | Found Mus Jomp's Tremendous Tomes.
  2725 | D:4      | Found a staircase to the Ecumenical Temple.
  3010 | Temple   | Entered the Ecumenical Temple
  3175 | D:5      | Entered Level 5 of the Dungeon
  3195 | D:5      | Reached skill level 5 in Shapeshifting
  3430 | D:5      | Found a runed translucent door.
  3462 | D:5      | Noticed BigPumpCobain's ghost (novice MiFi)
  3509 | D:5      | Found a runed translucent door.
  3655 | D:5      | Reached XP level 7. HP: 47/47 MP: 0/0
  3655 | D:5      | Learned a level 2 spell: Jinxbite
  3691 | D:5      | Found a glowing drain.
  3695 | Sewer    | Entered a sewer
  3695 | Sewer    | Reached ** piety under the Shining One
  3780 | Sewer    | Reached skill level 5 in Unarmed Combat
  3924 | Sewer    | Found a glowing silver altar of Zin.
  4095 | D:5      | Found The Oracle's Delphic Readings.
  4157 | D:5      | Reached skill level 6 in Shapeshifting
  4428 | D:5      | Found a glowing golden altar of the Shining One.
  4431 | D:5      | Found an ornate altar of the Wu Jian Council.
  4549 | D:5      | Reached XP level 8. HP: 52/52 MP: 0/0
  4745 | D:6      | Noticed Menkaure
  4753 | D:6      | Killed Menkaure
  4809 | D:6      | Found a sand-covered staircase.
  4826 | Ossuary  | Entered an ossuary
  4826 | Ossuary  | Reached *** piety under the Shining One
  4885 | Ossuary  | Reached skill level 7 in Shapeshifting
  5542 | D:6      | Noticed Jeremiah
  5545 | D:6      | Found a white marble altar of Elyvilon.
  5545 | D:6      | Found a shadowy altar of Dithmenos.
  5565 | D:6      | Found a basalt altar of Yredelemnul.
  5567 | D:6      | Killed from afar by Jeremiah

Illustrated notes

Levels and vault maps discovered:
D:1:      roderic_dead_forest, layout_basic, nrook_mini_vaults
D:2:      layout_basic, chequers_ecumenical_altar_simple_redux
D:3:      kennysheep_big_flooded_room, layout_basic, serial_curves,
          eino_curves_02, eino_curves_03
D:4:      layout_loops_corners, minmay_temple_entry_statues_fountains,
          serial_bayou_pond_c, nicolae_shop_i_like_big_books
D:5:      layout_basic, mainiacjoe_overflow_alcove_3, gup_sewer_entry_spiral,
          ebering_ghost_sewer_f, nicolae_nh_oracle_at_delphi
D:6:      layout_basic, grunt_temple_overflow_open, nicolae_ossuary_entry_plus,
          moated_statue, uniq_prince_ribbit1, uniq_jeremiah, uniq_menkaure
Temple:   eino_temple_lava

Skill      XL: |  1  2  3  4  5  6  7  8 |
---------------+-------------------------+-----
Shapeshifting  | 3 4 5 6 7 |  7.4
Unarmed Combat | 4 5 6 |  6.5
Fighting       | |  1.0
Dodging        | |  2.1

Action                     |  1- 3 |  4- 6 |  7- 9 || total
---------------------------+-------+-------+-------++-------
  Melee: Unarmed           |    73 |   143 |   182 ||   398
         Punch             |     4 |     5 |     9 ||    18
    Use: Potion            |       |       |     2 ||     2
         Scroll            |       |       |    12 ||    12
 Armour: Animal skin       |    12 |       |       ||    12
         Leather armour    |    15 |    51 |    93 ||   159
         Skin              |       |       |    90 ||    90
  Dodge: Dodged            |    51 |    79 |   134 ||   264

Table legend: (Time is in decaauts)
 A = Elapsed time spent in this place.
 B = Non-inter-level travel time spent in this place.
 C = Inter-level travel time spent in this place.
 D = Time resting spent in this place.
 E = Time spent auto-exploring this place.
 F = Levels seen in this place.
 G = Mean time per level.
                   A        B        C        D        E       F      G
               +--------+--------+--------+--------+--------+-----+--------+
         Total |   5529 |   5326 |    203 |    722 |   3560 |   9 |  614.3 |
       Dungeon |   4774 |   4571 |    203 |    479 |   3270 |   6 |  795.7 |
        Temple |      1 |      1 |      0 |      0 |      0 |   1 |    1.0 |
         Sewer |    314 |    314 |      0 |    120 |     78 |   1 |  314.0 |
       Ossuary |    439 |    439 |      0 |    123 |    212 |   1 |  439.0 |
               +--------+--------+--------+--------+--------+-----+--------+

Top non-repeatable levels by time:
     D:5: 1154 daAuts
     D:4: 985 daAuts
     D:3: 951 daAuts
     D:2: 657 daAuts
     D:1: 566 daAuts
     D:6: 460 daAuts
 Ossuary: 439 daAuts
   Sewer: 314 daAuts
  Temple: 1 daAuts
